Description

what else can i say

Build Order

Get SALT Encoding   

  12  0:01  SCV  
  13  0:13  SCV  
  14  0:18  Supply Depot  
  14  0:25  SCV  
  15  0:29  Refinery  
  15  0:39  SCV  
  16  0:46  Barracks  
  16  0:51  SCV  
  17  0:55  Refinery  
  17  1:03  SCV  
  18  1:16  SCV  
  19  1:32  Factory, Ghost Academy, Orbital Command  
  20  2:00  SCV  
  20  1:47  Supply Depot  
  21  2:13  SCV  
  22  2:25  SCV  
  24  2:14  Hellion, Starport  
  26  2:28  Ghost  
  27  2:30  Supply Depot  test text lets see how many words i can fit in this thing huh it seems to keep going doe sit do anything
  28  2:43  Marine  
  28  2:45  Hellion  
  30  2:50  Medivac  
  34  2:58  Supply Depot  
  35  3:05  Ghost  
  36  3:16  Cyclone  
  39  3:20  Liberator  
  41  3:22  Marine  
  43  3:38  Marine  
  44  3:45  Command Center  
  44  3:55  Liberator  
  47  4:00  Supply Depot  
  47  4:10  Supply Depot  
  47  4:20  Barracks  
  47  4:30  Barracks  
  49  4:35  Liberator  
  58  5:00  Orbital Command  
  71  5:38  Supply Depot  
  68  5:14  Marauder  
  77  5:32  Medivac  
  88  6:00  Marauder  
  83  6:13  Viking x2  
  83  6:17  Terran Infantry Armor Level 1  
  85  6:21  Marauder  
  85  6:22  Refinery  
  92  6:39  Concussive Shells  
  95  6:42  Marauder  
  95  6:43  Viking x2  
  100  7:04  Marauder  
  98  7:13  Viking  
  97  7:19  Viking  
  96  7:25  Marauder  
  103  7:43  Viking  
  106  7:47  Marauder  
  106  7:49  Viking  
  106  7:50  Command Center  
Spawning Tool Build Advisor. Get it on Overwolf

Go to:

Details

  • Created by: thedeadlymedic
  • Published on: Apr 25, 2018
  • Modified on: Apr 25, 2018
  • Patch: 4.0.0
Show
View Real Time Build Order
Export as new Build Order

Comments (0)

There are no comments. Be the first!

Create an account to comment!